 Dungeon Crawl Stone Soup version 0.26-a0-812-g31a745ddcd (webtiles) character file.

Game seed: 17438720987259071234

45 kae the Insei (level 3, 0/30 HPs)
             Began as a Tengu Transmuter on Nov 23, 2020.
             Succumbed to an adder's poison
             ... on level 1 of the Dungeon.
             The game lasted 00:00:51 (1719 turns).

kae the Insei (Tengu Transmuter)                    Turns: 1719, Time: 00:00:51

Health: 0/30       AC:  3    Str: 11    XL:     3   Next: 64%
Magic:  5/7        EV: 12    Int: 13    God:
Gold:   81         SH:  0    Dex: 14    Spells: 2/6 levels left

rFire    . . .     SeeInvis .     - Unarmed
rCold    . . .     Faith    .   (no shield)
rNeg     . . .     Spirit   .   f - +0 leather armour
rPois    .         Reflect  .   (helmet restricted)
rElec    .         Harm     .   (no cloak)
rCorr    .         Rampage  .   (no gloves)
MR       .....                  (boots unavailable)
Stlth    ..........             (no amulet)
HPRegen  0.10/turn              (no ring)
MPRegen  0.10/turn              (no ring)

@: berserking, lethally poisoned (0 -> -3), very quick
A: beak, talons 3
a: no special abilities


You were on level 1 of the Dungeon.
You visited 1 branch of the dungeon, and saw 2 of its levels.

You collected 81 gold pieces.

Inventory:

Armour
 a - a +0 robe
 f - a +0 leather armour (worn)
Jewellery
 c - an uncursed ring of flight {unknown}
Scrolls
 b - 3 scrolls of teleportation {unknown}
 d - a scroll of enchant weapon {unknown}
 g - 4 scrolls of magic mapping {unknown}
 h - a scroll of fear {unknown}


   Skills:
 + Level 1.5 Fighting
 + Level 0.6 Armour
 + Level 2.4 Dodging
 * Level 3.7 Unarmed Combat
 + Level 2.2 Spellcasting
 * Level 2.1 Transmutations
 * Level 0.2 Poison Magic


You had 2 spell levels left.
You knew the following spells:

 Your Spells              Type           Power        Failure   Level
a - Beastly Appendage     Tmut           #.....       14%         1
b - Spider Form           Tmut/Pois      #.........   52%         3

Your spell library contained the following spells:

 Spells                   Type           Power        Failure   Level
 Wereblood                Tmut           #.......     21%         2
 Ice Form                 Ice/Tmut       #.......     91%         4
 Blade Hands              Tmut           #.........   98%         5


Dungeon Overview and Level Annotations

Branches:
Dungeon (2/15)

Altars:

Annotations:
D:2 Robin


Innate Abilities, Weirdness & Mutations

You have a beak for a mouth.
You have claws for feet.


Message History

Things that are here:
a +0 dagger; a +0 club; a goblin skeleton You closely miss the goblin.
Your peck misses the goblin.
The goblin hits you but does no damage. x2
It was a potion of berserk rage.
A red film seems to cover your vision as you go berserk!
You feel yourself moving faster!
You feel mighty!
You feel sick. The goblin misses you. The goblin closely misses you.
You miss the goblin. The goblin hits you with a +0 dagger.
* * * LOW HITPOINT WARNING * * *
You barely miss the goblin. You peck the goblin.
You kill the goblin!
The goblin hits you with a +0 club.
* * * LOW HITPOINT WARNING * * *
You punch the goblin!
You kill the goblin!
There is a lethal amount of poison in your body!
There is a lethal amount of poison in your body!
There is a lethal amount of poison in your body!
You die...

##.............#
###########
#....##########
##.).# ###.# #.# #.#
#.###########
#.##........####
#.##.####..)@).#
#####.##.####.#.##.#
####
..............#.##.#
#...
####...#.###..#.##.#
########.##
#................#
#........#
##...######.###..#
#.######.# ##.##
#......# #.# #....#
#.# #####.## #.#
#.##.# #.# #.# #.#
#.##.#


There were no monsters in sight!

Vanquished Creatures
  An adder (D:2)
  A dart slug (D:1)
  5 bats (D:1)
  2 giant cockroaches
  6 goblins (D:1)
  2 hobgoblins
  3 jackals (D:1)
  2 kobolds
  4 frilled lizards
  5 rats
31 creatures vanquished.

Notes
Turn   | Place    | Note
-------+----------+-------------------------------------------
     0 | D:1      | kae the Tengu Transmuter began the quest for the Orb.
     0 | D:1      | Reached XP level 1. HP: 12/12 MP: 4/4
   165 | D:1      | Reached XP level 2. HP: 12/16 MP: 4/6
  1148 | D:1      | Reached XP level 3. HP: 17/20 MP: 5/7
  1153 | D:1      | Learned a level 3 spell: Spider Form
  1486 | D:2      | Noticed Robin
  1717 | D:1      | HP: 1/30 [goblin/+0 club[Robin] (4)]
  1719 | D:1      | Succumbed to an adder's poison

Illustrated notes

Levels and vault maps discovered:
D:1:      dpeg_arrival_tiny_a, layout_loops_corners,
          chequers_serial_rivers_micro_a
D:2:      layout_loops_ring, cheibriados_altar_1,
          chequers_ecumenical_altar_grove, minmay_misc_feat_more_columns,
          uniq_robin

Skill      XL: |  1  2 |
---------------+-------+-----
Transmutations | 2 |  2.1
Fighting       | |  1.5
Armour         | |  0.6
Dodging        | |  2.4
Unarmed Combat | |  3.7
Spellcasting   | |  2.2
Poison Magic   | |  0.2

Action                   || total
-------------------------++-------
Melee: Unarmed           ||    58
       Kick              ||     7
       Headbutt          ||     6
       Peck              ||     5
 Cast: Beastly Appendage ||    18
       Spider Form       ||     1
  Use: Potion            ||     1
 Stab: Sleeping          ||     1
Armor: Robe              ||     7
       Leather armour    ||    10
Dodge: Dodged            ||    48

Table legend: (Time is in decaauts)
 A = Elapsed time spent in this place.
 B = Non-inter-level travel time spent in this place.
 C = Inter-level travel time spent in this place.
 D = Time resting spent in this place.
 E = Time spent auto-exploring this place.
 F = Levels seen in this place.
 G = Mean time per level.
                   A        B        C        D        E       F      G
               +--------+--------+--------+--------+--------+-----+--------+
         Total |   1716 |   1668 |     48 |    198 |   1270 |   2 |  858.0 |
       Dungeon |   1716 |   1668 |     48 |    198 |   1270 |   2 |  858.0 |
               +--------+--------+--------+--------+--------+-----+--------+

Top non-repeatable levels by time:
     D:1: 1551 daAuts
     D:2: 165 daAuts
